 Dungeon Crawl Stone Soup version 0.30-a0-160-gcfceee88d3 (webtiles) character file.

Game seed: 16352244772912689595

97020 qw the Peltast (level 16, 0/100 HPs)
             Began as a Gargoyle Fighter on Sept 27, 2022.
             Was a High Priest of Okawaru.
             Slain by an orc knight
             ... wielding a +2 dire flail
              (2 damage)
             ... on level 2 of the Orcish Mines.
             The game lasted 00:11:09 (29385 turns).

qw the Peltast (Gargoyle Fighter)                  Turns: 29385, Time: 00:11:10

Health: 0/100      AC: 53    Str: 28    XL:     16   Next: 18%
Magic:  23/23      EV:  9    Int:  9    God:    Okawaru [*****.]
Gold:   855        SH: 22    Dex: 15    Spells: 15/15 levels left

rFire   . . .      SeeInvis +    n - +1 broad axe (freeze)
rCold   + . .      Faith    .    a - +0 tower shield
rNeg    + + .      Spirit   .    z - +5 crystal plate armour {ponderous}
rPois   inf        Reflect  .    w - +2 helmet {SInv}
rElec   +          Harm     .    k - +0 cloak
rCorr   +          Rampage  .    q - +1 pair of gloves of the Nightingale {Will++ rCorr}
Will    +++++      Clarity  +    s - +0 pair of boots
Stlth   ..........               c - amulet of the Four Winds {rN+ Will+++ Clar}
HPRegen 0.26/turn                Y - ring of protection from cold
MPRegen 0.18/turn                C - +6 ring of dexterity

@: about to teleport, heroic, flying, slow
A: sickness immunity, AC +12, big wings, negative energy resistance 1,
electricity resistance, torment resistance 1, petrification resistance
a: Renounce Religion, Heroism, Finesse, Duel


You were on level 2 of the Orcish Mines.
You worshipped Okawaru.
Okawaru was extremely pleased with you.
You visited 4 branches of the dungeon, and saw 23 of its levels.

You collected 2042 gold pieces.
You spent 1187 gold pieces at shops.


Innate Abilities, Weirdness & Mutations

You are immune to sickness and miasma.
Your stone body is resilient. (AC +12)
You are immune to poison.
Your large and strong wings let you fly.
You resist negative energy. (rN+)
You are resistant to electric shocks. (rElec)
You are resistant to unholy torment.
You are immune to petrification.


   Skills:
 - Level 11.1(16.1) Fighting
 - Level 15.0(20.0) Axes
 + Level 4.1(9.1) Throwing
 - Level 14.0(19.0) Armour
 - Level 3.0(8.0) Dodging
 - Level 16.0(21.0) Shields
 - Level 10.0 Invocations


You had 15 spell levels left.
You didn't know any spells.
Your spell library was empty.

Inventory:

Hand Weapons
 n - a +1 broad axe of freezing (weapon)
 v - a +2 morningstar
Missiles
 r - 10 boomerangs
 u - 5 silver boomerangs
 y - 3 javelins (quivered)
Armour
 a - a +0 tower shield (worn)
 g - the +1 plate armour of Kindness {-Tele rCorr Int+4}
   (Okawaru gifted it to you on level 2 of the Lair of Beasts)

   Int:       It affects your intelligence (+4).
   -Tele:     It prevents most forms of teleportation.
   rCorr:     It protects you from acid and corrosion.
 k - a +0 cloak (worn)
 q - the +1 pair of gloves of the Nightingale (worn) {Will++ rCorr}
   (Okawaru gifted it to you on level 5 of the Lair of Beasts)

   rCorr:     It protects you from acid and corrosion.
   Will:      It greatly increases your willpower.
 s - a +0 pair of boots (worn)
 w - a +2 helmet of see invisible (worn)
 z - a +5 crystal plate armour of ponderousness (worn)
Jewellery
 c - the amulet of the Four Winds (around neck) {rN+ Will+++ Clar}
   (You found it on level 7 of the Dungeon)

   [amulet of nothing]

   rN:        It protects you from negative energy.
   Clar:      It protects you against confusion.
   Will:      It greatly increases your willpower.
 A - the ring "Bylaomig" {rC+ SInv}
   (You found it on level 14 of the Dungeon)

   [ring of see invisible]

   rC:        It protects you from cold.
   SInv:      It lets you see invisible.
 B - an amulet of regeneration
 C - a +6 ring of dexterity (right hand)
 Y - a ring of protection from cold (left hand)
Scrolls
 l - 3 scrolls of identify
 m - 8 scrolls of teleportation
Potions
 b - 2 potions of cancellation
 d - 2 potions of might
 e - 2 potions of resistance
 f - 5 potions of attraction
 h - 8 potions of mutation
 i - 11 potions of curing
 j - 3 potions of lignification
 t - 2 potions of magic
 x - 2 potions of haste

Dungeon Overview and Level Annotations

Branches:
Dungeon (15/15)            Temple (1/1) D:6            Lair (5/5) D:9
 Shoals (0/4) Lair:3       Spider (0/4) Lair:3        Slime (0/5) Lair:4
    Orc (2/2) D:12         Vaults (0/5) D:13         Depths (0/4) D:15
    Elf: Orc:2

Altars:
Ashenzari
Cheibriados
Dithmenos
Elyvilon
Fedhas
Gozag
Hepliaklqana
Kikubaaqudgha
Makhleb
Nemelex Xobeh
Okawaru
Qazlal
Ru
Sif Muna
Trog
Uskayaw
Vehumet
Wu Jian
Xom
Yredelemnul
Zin
The Shining One

Shops:
D:12 *

Annotations:
D:3 1 runed translucent door, qw's ghost, amateur GrFi
Orc:2 1 transporter


Message History

You slash the orc knight! You freeze the orc knight.
The orc knight is heavily wounded.
You hit the orc high priest but do no damage.
You hit the orc priest. You freeze the orc priest. You hit the orc.
You freeze the orc.
You kill the orc!
You completely miss the orc knight.
You hit the orc knight but do no damage.
The orc knight is heavily wounded.
You barely miss the orc high priest. You slice the orc priest!!
You freeze the orc priest.
You kill the orc priest!
Okawaru accepts your kill.
You hit the orc knight but do no damage.
You block the orc knight's attack.
The orc high priest hits you with a +0 hand axe!
You block the orc knight's attack.
29383 ||| READING 9 scrolls of teleportation.
As you read the scroll of teleportation, it crumbles to dust.
You feel strangely unstable. You block the orc knight's attack.
You block the orc's attack.
The orc knight hits you with a +2 dire flail!
The orc high priest closely misses you.
You closely miss the orc knight.
The orc knight is heavily wounded.
You slash the orc high priest! You freeze the orc high priest!
You slash the orc! You freeze the orc.
You kill the orc!
You slash the orc knight! You freeze the orc knight.
You block the orc high priest's attack. You block the orc knight's attack.
The orc knight hits you with a +0 long sword!
You closely miss the orc high priest.
The orc high priest is severely wounded.
You hit the orc knight but do no damage.
You hit the orc knight. You freeze the orc knight.
The orc knight no longer looks unusually strong.
The orc high priest no longer looks unusually strong.
The orc high priest closely misses you.
The orc knight hits you with a +2 dire flail.
You die...

........................
...................$.$..
...#....................
#...................#. .
##................### ..
##................##...
...#..........(......#
..........))).....#
.#.......)@o.....#
#.......)oo.....#
######...####### #
.((..( .#.# ..#..(# ....
#....... ...# #...#...#
..## ## #........
...##.##


You could see 2 orc knights and an orc high priest.

Vanquished Creatures
  Gastronok (D:9)
  Frances (D:14)
  A fire giant (D:15)
  An orc warlord (Orc:1)
  Azrael (D:15)
  A dire elephant (Lair:5)
  Nessos (Lair:3)
  Fannar (Lair:3)
  2 vault guards (D:13)
  Erica (Lair:1)
  5 hydras
  5 centaur warriors
  An ogre mage (D:15)
  A catoblepas (Lair:4)
  A merfolk avatar (Lair:5)
  6 boulder beetles
  A tengu warrior (D:15)
  A death knight (D:14)
  4 death yaks
  10 two-headed ogres
  A fire crab (Lair:5)
  A wizard (D:13)
  An orc knight (D:15)
  5 lindwurms
  15 ugly things
  3 deep elf pyromancers
  A harpy (Lair:5)
  A necromancer (D:13)
  5 cyclopes
  2 orc sorcerers (Orc:2)
  4 manticores
  22 elephants
  2 rust devils (D:10)
  4 black mambas
  12 cane toads
  3 kobold demonologists
  An unseen horror (D:10)
  9 komodo dragons
  2 rime drakes
  6 trolls
  2 wind drakes (Lair:5)
  2 hornets
  2 polar bears
  32 blink frogs
  9 slime creatures
  3 wyverns
  52 yaks
  3 shadows
  5 wraiths
  2 fire elementals (D:15)
  20 humans (D:13)
  A golden eye (shapeshifter) (D:15)
  4 basilisks
  2 steam dragons
  7 vampire mosquitoes
  A basilisk (shapeshifter) (D:14)
  A warg (D:15)
  An acid dragon (D:10)
  2 hell hounds (D:15)
  Duvessa (D:4)
  10 water moccasins
  20 orc warriors
  4 black bears
  3 ice beasts
  A sky beast (D:7)
  7 ogres
  13 wolves
  11 centaurs
  A phantom (D:6)
  3 kobold brigands
  Blork the orc (D:4)
  8 bullfrogs
  A necrophage (D:5)
  5 scorpions
  2 gnoll sergeants
  22 wights
  Dowan (D:4)
  11 killer bees
  An electric eel (Lair:1)
  4 howler monkeys
  7 hounds
  4 jellies
  A gnoll bouda (D:8)
  21 orc priests
  3 iguanas (D:5)
  10 orc wizards
  8 hell rats
  A mummy (D:7)
  18 gnolls
  10 adders
  4 river rats (Lair:4)
  A shadow imp (D:7)
  3 ufetubi
  3 worms
  49 orcs
  9 endoplasms
  7 giant cockroaches
  6 goblins
  7 hobgoblins
  8 jackals
  18 kobolds
  3 quokkas
  5 ball pythons
  6 bats
  3 frilled lizards
  A hobgoblin zombie (D:7)
  A kobold zombie (D:7)
  2 orc zombies (D:7)
  8 rats
654 creatures vanquished.

Vanquished Creatures (others)
  An orc warrior (Orc:2)
  49 fungi
  71 plants
121 creatures vanquished.

Grand Total: 775 creatures vanquished

Notes
Turn   | Place    | Note
-------+----------+-------------------------------------------
     0 | D:1      | qw the Gargoyle Fighter began the quest for the Orb.
     0 | D:1      | Reached XP level 1. HP: 14/14 MP: 1/1
     0 | D:1      | 0 ||| qw: Version: 0.2-a-10-g37ed214
     0 | D:1      | 0 ||| qw: Game counter: 617
     0 | D:1      | 0 ||| qw: Always use a shield: true
     0 | D:1      | 0 ||| qw: God list: Okawaru
     0 | D:1      | 0 ||| qw: Allow faded altars: false
     0 | D:1      | 0 ||| qw: Do Orc after D:15 true
     0 | D:1      | 0 ||| qw: Do second Lair branch before Depths: true
     0 | D:1      | 0 ||| qw: Lair rune preference: random
     0 | D:1      | 0 ||| qw: Plans: Normal, Zot:1-4, God:TSO, Crypt, Tomb,
                  | Pan, Slime:5, Hells, Abyss, Orb
     0 | D:1      | 0 ||| PLANNING D:1-11
   350 | D:1      | Reached XP level 2. HP: 19/19 MP: 2/2
   582 | D:1      | Reached skill level 3 in Axes
   780 | D:1      | Reached XP level 3. HP: 21/23 MP: 3/3
   845 | D:1      | Found a faded altar of an unknown god.
  1282 | D:1      | 1282 ||| UPGRADING to +0 cloak.
  1287 | D:1      | 1287 ||| UPGRADING to +0 shadow dragon scales.
  1297 | D:1      | 1297 ||| DROPPING +0 scale mail.
  1298 | D:1      | 1298 ||| READING 2 scrolls labelled AHOTYZ SASS.
  1322 | D:1      | 1322 ||| READING 2 scrolls labelled SUKAXI CEAS.
  1323 | D:1      | 1323 ||| READING scroll labelled OFFUCWIKAGG.
  1324 | D:1      | 1324 ||| READING scroll labelled LITIES DAIH.
  1325 | D:1      | 1325 ||| READING scroll labelled YPIUFYFUME.
  1326 | D:1      | 1326 ||| READING scroll labelled JURAKASSUS.
  1327 | D:1      | 1327 ||| DRINKING 2 golden potions.
  1328 | D:1      | 1328 ||| DROPPING scroll of magic mapping.
  1329 | D:1      | 1329 ||| DROPPING scroll of summoning.
  1475 | D:2      | Found a glowing golden altar of the Shining One.
  1701 | D:2      | 1701 ||| Stepping ~*~*~tactically~*~*~ (stealth).
  1705 | D:2      | 1705 ||| Stepping ~*~*~tactically~*~*~ (stealth).
  1707 | D:2      | 1707 ||| Stepping ~*~*~tactically~*~*~ (stealth).
  1714 | D:2      | 1714 ||| Stepping ~*~*~tactically~*~*~ (stealth).
  1715 | D:2      | 1715 ||| Stepping ~*~*~tactically~*~*~ (stealth).
  1716 | D:2      | 1716 ||| Stepping ~*~*~tactically~*~*~ (stealth).
  1954 | D:2      | Reached XP level 4. HP: 27/28 MP: 4/4
  2148 | D:2      | 2148 ||| READING scroll labelled OCEGOXUITT.
  2151 | D:2      | 2151 ||| DRINKING 3 smoky grey potions.
  2152 | D:2      | 2152 ||| DROPPING 2 potions of flight.
  2267 | D:3      | Noticed a centaur
  2268 | D:3      | 2268 ||| Stepping ~*~*~tactically~*~*~ (hiding).
  2370 | D:3      | 2370 ||| Stepping ~*~*~tactically~*~*~ (hiding).
  2378 | D:3      | Killed a centaur
  2379 | D:3      | Reached XP level 5. HP: 30/32 MP: 5/5
  2593 | D:3      | Found a runed translucent door.
  2595 | D:3      | Noticed qw's ghost (amateur GrFi)
  2638 | D:3      | 2638 ||| DROPPING +0 club.
  2640 | D:3      | 2640 ||| Stepping ~*~*~tactically~*~*~ (stealth).
  2641 | D:3      | 2641 ||| Stepping ~*~*~tactically~*~*~ (stealth).
  2726 | D:3      | 2726 ||| Stepping ~*~*~tactically~*~*~ (stealth).
  2727 | D:3      | 2727 ||| Stepping ~*~*~tactically~*~*~ (stealth).
  2728 | D:3      | 2728 ||| Stepping ~*~*~tactically~*~*~ (stealth).
  2806 | D:3      | 2806 ||| DROPPING +0 whip.
  3156 | D:3      | 3156 ||| READING scroll labelled HES NUOSHRAMARPH.
  3206 | D:3      | 3206 ||| READING scroll labelled WOVINL XUNUMN.
  3307 | D:3      | 3307 ||| READING scroll labelled GUIMNI OQEA.
  3308 | D:3      | 3308 ||| READING scroll labelled QICRYD YNLOBBE.
  3309 | D:3      | 3309 ||| DRINKING 2 fuming sapphire potions.
  3310 | D:3      | 3310 ||| DRINKING 2 ruby potions.
  3311 | D:3      | 3311 ||| READING 3 scrolls of identify.
  3311 | D:3      | 3311 ||| IDENTIFYING bubbling pink potion
  3312 | D:3      | 3312 ||| READING 2 scrolls of identify.
  3312 | D:3      | 3312 ||| IDENTIFYING sedimented dark potion
  3353 | D:4      | 3353 ||| PLANNING OSSUARY
  3395 | D:4      | 3395 ||| Stepping ~*~*~tactically~*~*~ (stealth).
  3397 | D:4      | 3397 ||| Stepping ~*~*~tactically~*~*~ (stealth).
  3398 | D:4      | 3398 ||| Stepping ~*~*~tactically~*~*~ (stealth).
  3400 | D:4      | 3400 ||| Stepping ~*~*~tactically~*~*~ (stealth).
  3401 | D:4      | 3401 ||| Stepping ~*~*~tactically~*~*~ (stealth).
  3403 | D:4      | 3403 ||| Stepping ~*~*~tactically~*~*~ (stealth).
  3406 | D:4      | 3406 ||| Stepping ~*~*~tactically~*~*~ (stealth).
  3408 | D:4      | 3408 ||| Stepping ~*~*~tactically~*~*~ (stealth).
  3447 | D:4      | Noticed Blork the orc
  3448 | D:4      | 3448 ||| Stepping ~*~*~tactically~*~*~ (hiding).
  3550 | D:4      | 3550 ||| Stepping ~*~*~tactically~*~*~ (hiding).
  3652 | D:4      | 3652 ||| Stepping ~*~*~tactically~*~*~ (hiding).
  3754 | D:4      | 3754 ||| Stepping ~*~*~tactically~*~*~ (hiding).
  3856 | D:4      | 3856 ||| Stepping ~*~*~tactically~*~*~ (hiding).
  3958 | D:4      | 3958 ||| Stepping ~*~*~tactically~*~*~ (hiding).
  4024 | D:4      | 4024 ||| RIP OSSUARY
  4059 | D:4      | 4059 ||| PLANNING D:1-11
  4069 | D:4      | Killed Blork the orc
  4070 | D:4      | Reached XP level 6. HP: 19/38 MP: 6/6
  4244 | D:4      | 4244 ||| Stepping ~*~*~tactically~*~*~ (hiding).
  4380 | D:4      | 4380 ||| Stepping ~*~*~tactically~*~*~ (hiding).
  4392 | D:4      | Reached skill level 6 in Axes
  4625 | D:4      | Reached skill level 1 in Dodging
  4660 | D:4      | Identified the +1 ring mail of Jetziuly {Str+6}
  4661 | D:4      | 4661 ||| Stepping ~*~*~tactically~*~*~ (stealth).
  4666 | D:4      | Noticed Duvessa
  4678 | D:4      | Killed Duvessa
  4679 | D:4      | Reached XP level 7. HP: 19/43 MP: 7/7
  4687 | D:4      | 4687 ||| FLEEEEING.
  4876 | D:4      | Noticed Dowan
  4879 | D:4      | 4879 ||| Stepping ~*~*~tactically~*~*~ (hiding).
  4883 | D:4      | Killed Dowan
  5128 | D:4      | 5128 ||| READING scroll labelled VICIEN UXITAO.
  5129 | D:4      | 5129 ||| READING scroll labelled AXKIUC FUXKUNK.
  5150 | D:5      | Entered Level 5 of the Dungeon
  5226 | D:5      | 5226 ||| Stepping ~*~*~tactically~*~*~ (hiding).
  5228 | D:5      | 5228 ||| Stepping ~*~*~tactically~*~*~ (hiding).
  5229 | D:5      | 5229 ||| Stepping ~*~*~tactically~*~*~ (hiding).
  5243 | D:5      | Reached XP level 8. HP: 43/48 MP: 8/8
  5250 | D:5      | 5250 ||| Stepping ~*~*~tactically~*~*~ (stealth).
  5251 | D:5      | 5251 ||| Stepping ~*~*~tactically~*~*~ (stealth).
  5256 | D:5      | 5256 ||| Stepping ~*~*~tactically~*~*~ (stealth).
  5257 | D:5      | 5257 ||| Stepping ~*~*~tactically~*~*~ (stealth).
  5259 | D:5      | 5259 ||| Stepping ~*~*~tactically~*~*~ (stealth).
  5260 | D:5      | 5260 ||| Stepping ~*~*~tactically~*~*~ (stealth).
  5265 | D:5      | 5265 ||| Stepping ~*~*~tactically~*~*~ (stealth).
  5528 | D:5      | 5528 ||| Stepping ~*~*~tactically~*~*~ (hiding).
  5566 | D:5      | 5566 ||| FLEEEEING.
  5836 | D:5      | Reached skill level 6 in Fighting
  6008 | D:5      | 6008 ||| Stepping ~*~*~tactically~*~*~ (hiding).
  6144 | D:5      | 6144 ||| Stepping ~*~*~tactically~*~*~ (stealth).
  6146 | D:5      | 6146 ||| Stepping ~*~*~tactically~*~*~ (stealth).
  6186 | D:5      | 6186 ||| Stepping ~*~*~tactically~*~*~ (stealth).
  6188 | D:5      | 6188 ||| Stepping ~*~*~tactically~*~*~ (stealth).
  6190 | D:5      | 6190 ||| Stepping ~*~*~tactically~*~*~ (stealth).
  6193 | D:5      | 6193 ||| Stepping ~*~*~tactically~*~*~ (stealth).
  6195 | D:5      | 6195 ||| Stepping ~*~*~tactically~*~*~ (stealth).
  6269 | D:5      | 6269 ||| Stepping ~*~*~tactically~*~*~ (stealth).
  6271 | D:5      | 6271 ||| Stepping ~*~*~tactically~*~*~ (stealth).
  6476 | D:5      | 6476 ||| UPGRADING to +0 helmet.
  6481 | D:5      | 6481 ||| UPGRADING to ring of protection from cold.
  6482 | D:5      | 6482 ||| READING scroll labelled LACERI YCOKK.
  6483 | D:5      | 6483 ||| READING 2 scrolls of identify.
  6483 | D:5      | 6483 ||| IDENTIFYING lumpy yellow potion
  6484 | D:5      | 6484 ||| DROPPING potion of invisibility.
  6511 | D:6      | Noticed a yak
  6511 | D:6      | Noticed a yak
  6511 | D:6      | Found a staircase to the Ecumenical Temple.
  6512 | D:6      | 6512 ||| PLANNING TEMPLE
  6512 | D:6      | 6512 ||| STAIRDANCE
  6512 | D:6      | Noticed a yak
  6516 | D:6      | 6516 ||| STAIRDANCE
  6526 | D:5      | Killed a yak
  6527 | D:5      | Reached XP level 9. HP: 34/55 MP: 9/9
  6644 | D:6      | 6644 ||| STAIRDANCE
  6654 | D:6      | Reached skill level 9 in Axes
  6657 | D:6      | Reached skill level 4 in Shields
  6657 | D:6      | 6657 ||| STAIRDANCE
  6735 | D:6      | 6735 ||| Stepping ~*~*~tactically~*~*~ (stealth).
  6745 | D:6      | 6745 ||| Stepping ~*~*~tactically~*~*~ (stealth).
  6747 | D:6      | 6747 ||| Stepping ~*~*~tactically~*~*~ (stealth).
  6750 | Temple   | Entered the Ecumenical Temple
  6904 | Temple   | 6904 ||| PLANNING OKAWARU WORSHIP
  6945 | Temple   | Became a worshipper of Warmaster Okawaru
  6946 | Temple   | 6946 ||| PLANNING D:1-11
  7093 | D:6      | 7093 ||| Stepping ~*~*~tactically~*~*~ (hiding).
  7195 | D:6      | 7195 ||| Stepping ~*~*~tactically~*~*~ (hiding).
  7297 | D:6      | 7297 ||| Stepping ~*~*~tactically~*~*~ (hiding).
  7399 | D:6      | 7399 ||| Stepping ~*~*~tactically~*~*~ (hiding).
  7400 | D:6      | 7400 ||| Stepping ~*~*~tactically~*~*~ (hiding).
  7406 | D:6      | Reached skill level 6 in Armour
  7731 | D:6      | 7731 ||| Stepping ~*~*~tactically~*~*~ (stealth).
  7733 | D:6      | 7733 ||| Stepping ~*~*~tactically~*~*~ (hiding).
  7748 | D:6      | 7748 ||| Stepping ~*~*~tactically~*~*~ (stealth).
  7750 | D:6      | 7750 ||| Stepping ~*~*~tactically~*~*~ (stealth).
  7752 | D:6      | 7752 ||| Stepping ~*~*~tactically~*~*~ (stealth).
  7760 | D:6      | Reached skill level 1 in Throwing
  8127 | D:6      | 8127 ||| READING scroll labelled ZETEMU XULAT.
  8128 | D:6      | 8128 ||| DRINKING 2 cyan potions.
  8129 | D:6      | 8129 ||| DRINKING 4 grey potions.
  8130 | D:6      | 8130 ||| READING 2 scrolls of identify.
  8130 | D:6      | 8130 ||| IDENTIFYING bubbling puce potion
  8131 | D:6      | 8131 ||| DROPPING potion of degeneration.
  8166 | D:7      | You fall into a shaft and drop 1 floor!
  8187 | D:8      | 8187 ||| Stepping ~*~*~tactically~*~*~ (stealth).
  8189 | D:8      | 8189 ||| Stepping ~*~*~tactically~*~*~ (hiding).
  8213 | D:8      | 8213 ||| Stepping ~*~*~tactically~*~*~ (hiding).
  8330 | D:8      | Found a shadowy altar of Dithmenos.
  8331 | D:8      | Found a hazy altar of Hepliaklqana.
  8341 | D:8      | Noticed a two-headed ogre
  8353 | D:8      | Killed a two-headed ogre
  8590 | D:8      | Reached * piety under Okawaru
  8591 | D:8      | Reached XP level 10. HP: 63/63 MP: 10/10
  8591 | D:8      | 8591 ||| INVOKING Heroism.
  8599 | D:8      | Reached skill level 1 in Invocations
  8677 | D:8      | 8677 ||| DROPPING +0 morningstar.
  8792 | D:8      | 8792 ||| UPGRADING to +0 tower shield.
  8802 | D:8      | 8802 ||| DROPPING +0 buckler.
  8803 | D:8      | 8803 ||| READING 2 scrolls labelled WYABENW FIMIHA.
  8804 | D:8      | 8804 ||| READING scroll of enchant weapon.
  8804 | D:8      | 8804 ||| ENCHANTING +1 vorpal war axe.
  8889 | D:7      | 8889 ||| INVOKING Heroism.
  8908 | D:7      | 8908 ||| Stepping ~*~*~tactically~*~*~ (stealth).
  8920 | D:7      | Reached skill level 3 in Invocations
  8938 | D:7      | Reached skill level 5 in Shields
  9002 | D:7      | 9002 ||| Stepping ~*~*~tactically~*~*~ (stealth).
  9004 | D:7      | 9004 ||| Stepping ~*~*~tactically~*~*~ (stealth).
  9006 | D:7      | 9006 ||| Stepping ~*~*~tactically~*~*~ (stealth).
  9021 | D:7      | 9021 ||| Stepping ~*~*~tactically~*~*~ (stealth).
  9028 | D:7      | 9028 ||| READING scroll of enchant weapon.
  9028 | D:7      | 9028 ||| ENCHANTING +2 vorpal war axe.
  9084 | D:7      | 9084 ||| Stepping ~*~*~tactically~*~*~ (hiding).
  9186 | D:7      | 9186 ||| Stepping ~*~*~tactically~*~*~ (hiding).
  9288 | D:7      | 9288 ||| Stepping ~*~*~tactically~*~*~ (hiding).
  9390 | D:7      | 9390 ||| Stepping ~*~*~tactically~*~*~ (hiding).
  9492 | D:7      | 9492 ||| Stepping ~*~*~tactically~*~*~ (hiding).
  9594 | D:7      | 9594 ||| Stepping ~*~*~tactically~*~*~ (hiding).
  9696 | D:7      | 9696 ||| Stepping ~*~*~tactically~*~*~ (hiding).
  9798 | D:7      | 9798 ||| Stepping ~*~*~tactically~*~*~ (hiding).
  9900 | D:7      | 9900 ||| Stepping ~*~*~tactically~*~*~ (hiding).
 10002 | D:7      | 10002 ||| Stepping ~*~*~tactically~*~*~ (hiding).
 10104 | D:7      | 10104 ||| Stepping ~*~*~tactically~*~*~ (hiding).
 10206 | D:7      | 10206 ||| Stepping ~*~*~tactically~*~*~ (hiding).
 10211 | D:7      | 10211 ||| INVOKING Heroism.
 10212 | D:7      | 10212 ||| Stepping randomly (cloudy).
 10260 | D:7      | 10260 ||| DRINKING 5 potions of curing.
 10260 | D:7      | 10260 ||| (to cure confusion)
 10281 | D:7      | 10281 ||| Stepping ~*~*~tactically~*~*~ (stealth).
 10283 | D:7      | 10283 ||| INVOKING Heroism.
 10325 | D:7      | Reached skill level 6 in Shields
 10370 | D:7      | 10370 ||| Stepping ~*~*~tactically~*~*~ (stealth).
 10379 | D:7      | 10379 ||| INVOKING Heroism.
 10395 | D:7      | 10395 ||| Stepping ~*~*~tactically~*~*~ (stealth).
 10397 | D:7      | 10397 ||| Stepping ~*~*~tactically~*~*~ (stealth).
 10401 | D:7      | Reached ** piety under Okawaru
 10404 | D:7      | Reached skill level 7 in Shields
 10447 | D:7      | 10447 ||| Stepping ~*~*~tactically~*~*~ (stealth).
 10448 | D:7      | 10448 ||| Stepping ~*~*~tactically~*~*~ (stealth).
 10471 | D:7      | 10471 ||| Stepping ~*~*~tactically~*~*~ (stealth).
 10472 | D:7      | 10472 ||| Stepping ~*~*~tactically~*~*~ (stealth).
 10553 | D:7      | Found a hide-covered altar of Uskayaw.
 10554 | D:7      | 10554 ||| Stepping ~*~*~tactically~*~*~ (stealth).
 10555 | D:7      | 10555 ||| Stepping ~*~*~tactically~*~*~ (stealth).
 10557 | D:7      | 10557 ||| INVOKING Heroism.
 10636 | D:7      | 10636 ||| READING 2 scrolls of identify.
 10636 | D:7      | 10636 ||| IDENTIFYING smoky purple potion
 10638 | D:7      | 10638 ||| READING 11 scrolls of teleportation.
 10651 | D:7      | 10651 ||| Stepping ~*~*~tactically~*~*~ (stealth).
 10652 | D:7      | 10652 ||| Stepping ~*~*~tactically~*~*~ (stealth).
 10653 | D:7      | 10653 ||| Stepping ~*~*~tactically~*~*~ (stealth).
 10656 | D:7      | 10656 ||| Stepping ~*~*~tactically~*~*~ (stealth).
 10668 | D:7      | 10668 ||| Stepping ~*~*~tactically~*~*~ (stealth).
 10670 | D:7      | 10670 ||| Stepping ~*~*~tactically~*~*~ (stealth).
 10673 | D:7      | 10673 ||| Stepping ~*~*~tactically~*~*~ (stealth).
 10676 | D:7      | 10676 ||| Stepping ~*~*~tactically~*~*~ (hiding).
 11136 | D:7      | 11136 ||| Stepping ~*~*~tactically~*~*~ (stealth).
 11138 | D:7      | 11138 ||| Stepping ~*~*~tactically~*~*~ (stealth).
 11140 | D:7      | 11140 ||| Stepping ~*~*~tactically~*~*~ (stealth).
 11142 | D:7      | 11142 ||| Stepping ~*~*~tactically~*~*~ (stealth).
 11150 | D:7      | Reached skill level 8 in Shields
 11166 | D:7      | Noticed a deep elf pyromancer
 11166 | D:7      | Noticed a kobold demonologist
 11167 | D:7      | 11167 ||| Stepping ~*~*~tactically~*~*~ (hiding).
 11175 | D:7      | Killed a kobold demonologist
 11183 | D:7      | 11183 ||| INVOKING Heroism.
 11185 | D:7      | Killed a deep elf pyromancer
 11186 | D:7      | Reached skill level 9 in Shields
 11186 | D:7      | Reached XP level 11. HP: 36/67 MP: 11/14
 11334 | D:7      | Found the amulet of the Four Winds {rN+ Will+++ Clar}
 11338 | D:7      | 11338 ||| UPGRADING to amulet of the Four Winds {rN+
                  | Will+++ Clar}.
 11812 | D:9      | 11812 ||| INVOKING Heroism.
 11827 | D:9      | Noticed a two-headed ogre
 11828 | D:9      | 11828 ||| Stepping ~*~*~tactically~*~*~ (stealth).
 11829 | D:9      | 11829 ||| Stepping ~*~*~tactically~*~*~ (stealth).
 11836 | D:9      | Killed a two-headed ogre
 11836 | D:9      | Reached *** piety under Okawaru
 11837 | D:9      | Reached skill level 10 in Shields
 11908 | D:9      | 11908 ||| Stepping ~*~*~tactically~*~*~ (stealth).
 11909 | D:9      | 11909 ||| Stepping ~*~*~tactically~*~*~ (stealth).
 11912 | D:9      | 11912 ||| Stepping ~*~*~tactically~*~*~ (hiding).
 11926 | D:9      | 11926 ||| FLEEEEING.
 11927 | D:9      | 11927 ||| FLEEEEING.
 11928 | D:9      | 11928 ||| STAIRDANCE
 11999 | D:9      | 11999 ||| STAIRDANCE
 12108 | D:9      | 12108 ||| INVOKING Heroism.
 12110 | D:9      | Noticed Gastronok
 12130 | D:9      | 12130 ||| INVOKING Heroism.
 12142 | D:9      | Killed Gastronok
 12143 | D:9      | Reached skill level 11 in Shields
 12171 | D:9      | Reached **** piety under Okawaru
 12440 | D:9      | Found a staircase to the Lair.
 12512 | D:9      | Found a shimmering altar of Xom.
 12546 | D:9      | Found a bloodstained altar of Trog.
 12548 | D:9      | Found a basalt altar of Yredelemnul.
 12552 | D:9      | Found a sacrificial altar of Ru.
 12552 | D:9      | Found an opulent altar of Gozag.
 12552 | D:9      | Found a blossoming altar of Fedhas.
 12552 | D:9      | Found an ornate altar of the Wu Jian Council.
 12553 | D:9      | Found a shimmering blue altar of Sif Muna.
 12554 | D:9      | Found a snail-covered altar of Cheibriados.
 12555 | D:9      | Found an ancient bone altar of Kikubaaqudgha.
 12562 | D:9      | 12562 ||| PLANNING LAIR
 12562 | D:9      | 12562 ||| DROPPING ring of ice.
 12563 | D:9      | 12563 ||| UPGRADING to ring of protection from cold.
 12564 | D:9      | 12564 ||| DRINKING 2 yellow potions.
 12669 | D:9      | 12669 ||| DROPPING potion of berserk rage.
 12742 | Lair:1   | Entered Level 1 of the Lair of Beasts
 12743 | Lair:1   | 12743 ||| INVOKING Heroism.
 12747 | Lair:1   | Reached skill level 12 in Shields
 12774 | Lair:1   | 12774 ||| INVOKING Heroism.
 12871 | Lair:1   | 12871 ||| INVOKING Heroism.
 12966 | Lair:1   | 12966 ||| INVOKING Heroism.
 12973 | Lair:1   | 12973 ||| Stepping ~*~*~tactically~*~*~ (stealth).
 12980 | Lair:1   | Received a gift from Okawaru
 13075 | Lair:1   | 13075 ||| INVOKING Heroism.
 13246 | Lair:1   | 13246 ||| INVOKING Heroism.
 13249 | Lair:1   | Reached skill level 6 in Invocations
 13330 | Lair:1   | Noticed Erica
 13331 | Lair:1   | 13331 ||| INVOKING Heroism.
 13339 | Lair:1   | Killed Erica
 13473 | Lair:1   | Noticed a death yak
 13474 | Lair:1   | 13474 ||| INVOKING Heroism.
 13475 | Lair:1   | 13475 ||| Stepping ~*~*~tactically~*~*~ (stealth).
 13485 | Lair:1   | Noticed a death yak
 13486 | Lair:1   | Noticed a death yak
 13487 | Lair:1   | 13487 ||| Stepping ~*~*~tactically~*~*~ (stealth).
 13488 | Lair:1   | Killed a death yak
 13489 | Lair:1   | Reached XP level 12. HP: 47/72 MP: 15/17
 13496 | Lair:1   | HP: 17/72 [death yak (12)]
 13497 | Lair:1   | 13497 ||| READING 11 scrolls of teleportation.
 13498 | Lair:1   | 13498 ||| DRINKING 4 potions of heal wounds.
 13720 | Lair:1   | 13720 ||| Stepping ~*~*~tactically~*~*~ (stealth).
 14060 | Lair:1   | 14060 ||| Stepping ~*~*~tactically~*~*~ (stealth).
 14061 | Lair:1   | 14061 ||| INVOKING Heroism.
 14076 | Lair:1   | Killed a death yak
 14076 | Lair:1   | Reached ***** piety under Okawaru
 14077 | Lair:1   | 14077 ||| INVOKING Finesse.
 14079 | Lair:1   | 14079 ||| INVOKING Heroism.
 14088 | Lair:1   | Killed a death yak
 14089 | Lair:1   | Reached skill level 13 in Shields
 14285 | Lair:1   | 14285 ||| READING 2 scrolls of identify.
 14285 | Lair:1   | 14285 ||| IDENTIFYING viscous purple potion
 14286 | Lair:1   | 14286 ||| DROPPING potion of brilliance.
 14316 | Lair:2   | 14316 ||| Stepping ~*~*~tactically~*~*~ (stealth).
 14318 | Lair:2   | 14318 ||| INVOKING Heroism.
 14332 | Lair:2   | HP: 15/72 [steam dragon] (6)]
 14333 | Lair:2   | 14333 ||| READING 10 scrolls of teleportation.
 14333 | Lair:2   | HP: 4/72 [elephant (12)]
 14334 | Lair:2   | 14334 ||| DRINKING 3 potions of heal wounds.
 14335 | Lair:2   | 14335 ||| DRINKING 2 potions of heal wounds.
 14338 | Lair:2   | 14338 ||| DRINKING potion of heal wounds.
 14501 | Lair:2   | 14501 ||| INVOKING Heroism.
 14525 | Lair:2   | 14525 ||| INVOKING Heroism.
 14527 | Lair:2   | 14527 ||| Stepping ~*~*~tactically~*~*~ (stealth).
 14569 | Lair:2   | 14569 ||| INVOKING Heroism.
 14597 | Lair:2   | 14597 ||| READING scroll of enchant weapon.
 14597 | Lair:2   | 14597 ||| ENCHANTING +3 vorpal war axe.
 14735 | Lair:2   | 14735 ||| INVOKING Heroism.
 14790 | Lair:2   | 14790 ||| Stepping ~*~*~tactically~*~*~ (stealth).
 14794 | Lair:2   | 14794 ||| INVOKING Heroism.
 14838 | Lair:2   | 14838 ||| INVOKING Heroism.
 14849 | Lair:2   | Reached skill level 9 in Invocations
 14877 | Lair:2   | Identified the +1 robe of Ahos {+Inv Dex+2}
 14883 | Lair:2   | 14883 ||| Stepping ~*~*~tactically~*~*~ (stealth).
 14892 | Lair:2   | 14892 ||| INVOKING Heroism.
 14897 | Lair:2   | HP: 16/73 [elephant (4)]
 14898 | Lair:2   | 14898 ||| READING 9 scrolls of teleportation.
 14899 | Lair:2   | Received a gift from Okawaru
 14984 | Lair:2   | 14984 ||| INVOKING Heroism.
 14992 | Lair:2   | Received a gift from Okawaru
 15024 | Lair:2   | 15024 ||| Stepping ~*~*~tactically~*~*~ (stealth).
 15025 | Lair:2   | 15025 ||| Stepping ~*~*~tactically~*~*~ (stealth).
 15126 | Lair:2   | 15126 ||| Stepping ~*~*~tactically~*~*~ (stealth).
 15279 | Lair:2   | 15279 ||| Stepping ~*~*~tactically~*~*~ (stealth).
 15281 | Lair:2   | 15281 ||| Stepping ~*~*~tactically~*~*~ (stealth).
 15293 | Lair:2   | 15293 ||| INVOKING Heroism.
 15307 | Lair:2   | Identified the +1 plate armour of Kindness {-Tele rCorr
                  | Int+4} (Okawaru gifted it to you on level 2 of the Lair of
                  | Beasts)
 15307 | Lair:2   | Received a gift from Okawaru
 15439 | Lair:2   | 15439 ||| Stepping ~*~*~tactically~*~*~ (stealth).
 15440 | Lair:2   | 15440 ||| Stepping ~*~*~tactically~*~*~ (stealth).
 15448 | Lair:2   | 15448 ||| Stepping ~*~*~tactically~*~*~ (stealth).
 15449 | Lair:2   | 15449 ||| Stepping ~*~*~tactically~*~*~ (stealth).
 15451 | Lair:2   | 15451 ||| Stepping ~*~*~tactically~*~*~ (stealth).
 15452 | Lair:2   | 15452 ||| Stepping ~*~*~tactically~*~*~ (stealth).
 15455 | Lair:2   | 15455 ||| Stepping ~*~*~tactically~*~*~ (stealth).
 15457 | Lair:2   | 15457 ||| Stepping ~*~*~tactically~*~*~ (stealth).
 15459 | Lair:2   | Noticed a five-headed hydra
 15460 | Lair:2   | 15460 ||| Stepping ~*~*~tactically~*~*~ (stealth).
 15472 | Lair:2   | 15472 ||| INVOKING Heroism.
 15502 | Lair:2   | 15502 ||| INVOKING Finesse.
 15508 | Lair:2   | 15508 ||| SWAPPING to +2 morningstar.
 15517 | Lair:2   | 15517 ||| INVOKING Heroism.
 15518 | Lair:2   | Killed a five-headed hydra
 15519 | Lair:2   | 15519 ||| SWAPPING to +4 vorpal war axe.
 15809 | Lair:2   | 15809 ||| INVOKING Heroism.
 15885 | Lair:2   | Noticed a boulder beetle
 15886 | Lair:2   | 15886 ||| INVOKING Heroism.
 15887 | Lair:2   | 15887 ||| INVOKING Finesse.
 15899 | Lair:2   | Killed a boulder beetle
 15900 | Lair:2   | Reached skill level 3 in Throwing
 16126 | Lair:2   | 16126 ||| READING 2 scrolls of identify.
 16126 | Lair:2   | 16126 ||| IDENTIFYING pink potion
 16127 | Lair:2   | 16127 ||| DROPPING potion of ambrosia.
 16167 | Lair:3   | Noticed a boulder beetle
 16168 | Lair:3   | 16168 ||| Stepping ~*~*~tactically~*~*~ (stealth).
 16170 | Lair:3   | 16170 ||| Stepping ~*~*~tactically~*~*~ (stealth).
 16172 | Lair:3   | 16172 ||| Stepping ~*~*~tactically~*~*~ (stealth).
 16173 | Lair:3   | 16173 ||| Stepping ~*~*~tactically~*~*~ (stealth).
 16179 | Lair:3   | Found a hole to the Spider Nest.
 16181 | Lair:3   | 16181 ||| Stepping ~*~*~tactically~*~*~ (stealth).
 16182 | Lair:3   | 16182 ||| INVOKING Heroism.
 16183 | Lair:3   | 16183 ||| INVOKING Finesse.
 16195 | Lair:3   | Killed a boulder beetle
 16196 | Lair:3   | Reached XP level 13. HP: 78/78 MP: 13/20
 16199 | Lair:3   | 16199 ||| Stepping ~*~*~tactically~*~*~ (stealth).
 16233 | Lair:3   | 16233 ||| Stepping ~*~*~tactically~*~*~ (stealth).
 16234 | Lair:3   | 16234 ||| Stepping ~*~*~tactically~*~*~ (stealth).
 16235 | Lair:3   | 16235 ||| Stepping ~*~*~tactically~*~*~ (stealth).
 16240 | Lair:3   | 16240 ||| Stepping ~*~*~tactically~*~*~ (stealth).
 16264 | Lair:3   | 16264 ||| Stepping ~*~*~tactically~*~*~ (stealth).
 16281 | Lair:3   | Noticed Fannar
 16288 | Lair:3   | 16288 ||| INVOKING Heroism.
 16303 | Lair:3   | Killed Fannar
 16332 | Lair:3   | 16332 ||| FLEEEEING.
 16339 | Lair:3   | 16339 ||| FLEEEEING.
 16340 | Lair:3   | 16340 ||| FLEEEEING.
 16502 | Lair:3   | Found a staircase to the Shoals.
 16791 | Lair:3   | Found a glowing silver altar of Zin.
 16830 | Lair:3   | 16830 ||| INVOKING Heroism.
 16908 | Lair:3   | Noticed Nessos
 16909 | Lair:3   | 16909 ||| INVOKING Finesse.
 16920 | Lair:3   | Killed Nessos
 16921 | Lair:3   | Reached skill level 9 in Fighting
 17181 | Lair:3   | 17181 ||| INVOKING Heroism.
 17485 | Lair:4   | 17485 ||| Stepping ~*~*~tactically~*~*~ (stealth).
 17486 | Lair:4   | 17486 ||| Stepping ~*~*~tactically~*~*~ (stealth).
 17487 | Lair:4   | 17487 ||| Stepping ~*~*~tactically~*~*~ (stealth).
 17558 | Lair:4   | 17558 ||| Stepping ~*~*~tactically~*~*~ (stealth).
 17730 | Lair:4   | 17730 ||| INVOKING Heroism.
 17732 | Lair:4   | Reached skill level 14 in Shields
 17732 | Lair:4   | 17732 ||| Stepping ~*~*~tactically~*~*~ (hiding).
 17733 | Lair:4   | 17733 ||| Stepping ~*~*~tactically~*~*~ (hiding).
 17734 | Lair:4   | 17734 ||| Stepping ~*~*~tactically~*~*~ (hiding).
 17765 | Lair:4   | 17765 ||| Stepping ~*~*~tactically~*~*~ (stealth).
 17792 | Lair:4   | 17792 ||| INVOKING Heroism.
 17921 | Lair:4   | 17921 ||| Stepping ~*~*~tactically~*~*~ (stealth).
 17929 | Lair:4   | Found a staircase to the Slime Pits.
 17930 | Lair:4   | 17930 ||| INVOKING Heroism.
 17939 | Lair:4   | Received a gift from Okawaru
 18136 | Lair:4   | 18136 ||| Stepping ~*~*~tactically~*~*~ (stealth).
 18307 | Lair:4   | 18307 ||| Stepping ~*~*~tactically~*~*~ (stealth).
 18309 | Lair:4   | 18309 ||| Stepping ~*~*~tactically~*~*~ (stealth).
 18311 | Lair:4   | 18311 ||| Stepping ~*~*~tactically~*~*~ (stealth).
 18318 | Lair:4   | 18318 ||| Stepping ~*~*~tactically~*~*~ (stealth).
 18319 | Lair:4   | 18319 ||| Stepping ~*~*~tactically~*~*~ (stealth).
 18320 | Lair:4   | 18320 ||| Stepping ~*~*~tactically~*~*~ (stealth).
 18326 | Lair:4   | Reached skill level 12 in Axes
 18477 | Lair:4   | 18477 ||| INVOKING Heroism.
 18493 | Lair:4   | Received a gift from Okawaru
 18585 | Lair:4   | 18585 ||| INVOKING Heroism.
 18586 | Lair:4   | 18586 ||| INVOKING Finesse.
 18682 | Lair:4   | 18682 ||| INVOKING Heroism.
 18685 | Lair:4   | 18685 ||| SWAPPING to +2 morningstar.
 18696 | Lair:4   | Reached skill level 9 in Armour
 18696 | Lair:4   | 18696 ||| SWAPPING to +4 vorpal war axe.
 18780 | Lair:4   | 18780 ||| READING scroll of brand weapon.
 18780 | Lair:4   | 18780 ||| BRANDING +4 vorpal war axe.
 18855 | Lair:4   | 18855 ||| UPGRADING to +0 pair of boots.
 18860 | Lair:4   | 18860 ||| READING 2 scrolls of identify.
 18860 | Lair:4   | 18860 ||| IDENTIFYING white potion
 18876 | Lair:5   | Entered Level 5 of the Lair of Beasts
 18877 | Lair:5   | 18877 ||| INVOKING Heroism.
 18880 | Lair:5   | 18880 ||| STAIRDANCE
 18890 | Lair:5   | 18890 ||| STAIRDANCE
 18933 | Lair:5   | 18933 ||| INVOKING Heroism.
 19006 | Lair:5   | 19006 ||| Stepping ~*~*~tactically~*~*~ (hiding).
 19007 | Lair:5   | 19007 ||| INVOKING Heroism.
 19008 | Lair:5   | 19008 ||| INVOKING Finesse.
 19009 | Lair:5   | 19009 ||| Stepping ~*~*~tactically~*~*~ (stealth).
 19014 | Lair:5   | Gained mutation: Your large and strong wings let you fly.
                  | [Gargoyle growth]
 19014 | Lair:5   | Reached XP level 14. HP: 86/86 MP: 13/21
 19014 | Lair:5   | 19014 ||| Stepping ~*~*~tactically~*~*~ (hiding).
 19034 | Lair:5   | Received a gift from Okawaru
 19036 | Lair:5   | Noticed a dire elephant
 19058 | Lair:5   | Killed a dire elephant
 19101 | Lair:5   | 19101 ||| Stepping ~*~*~tactically~*~*~ (stealth).
 19103 | Lair:5   | 19103 ||| Stepping ~*~*~tactically~*~*~ (stealth).
 19109 | Lair:5   | 19109 ||| Stepping ~*~*~tactically~*~*~ (stealth).
 19111 | Lair:5   | 19111 ||| Stepping ~*~*~tactically~*~*~ (stealth).
 19114 | Lair:5   | 19114 ||| Stepping ~*~*~tactically~*~*~ (stealth).
 19117 | Lair:5   | 19117 ||| Stepping ~*~*~tactically~*~*~ (stealth).
 19119 | Lair:5   | 19119 ||| Stepping ~*~*~tactically~*~*~ (hiding).
 19121 | Lair:5   | 19121 ||| Stepping ~*~*~tactically~*~*~ (hiding).
 19145 | Lair:5   | 19145 ||| Stepping ~*~*~tactically~*~*~ (stealth).
 19146 | Lair:5   | 19146 ||| Stepping ~*~*~tactically~*~*~ (stealth).
 19148 | Lair:5   | 19148 ||| Stepping ~*~*~tactically~*~*~ (stealth).
 19152 | Lair:5   | 19152 ||| INVOKING Heroism.
 19225 | Lair:5   | 19225 ||| Stepping ~*~*~tactically~*~*~ (hiding).
 19295 | Lair:5   | 19295 ||| Stepping ~*~*~tactically~*~*~ (stealth).
 19317 | Lair:5   | Identified the +0 trident of Purpose {vorpal, rCorr SInv
                  | Stlth+}
 19400 | Lair:5   | 19400 ||| Stepping ~*~*~tactically~*~*~ (stealth).
 19403 | Lair:5   | 19403 ||| Stepping ~*~*~tactically~*~*~ (stealth).
 19411 | Lair:5   | Received a gift from Okawaru
 19413 | Lair:5   | 19413 ||| Stepping ~*~*~tactically~*~*~ (stealth).
 19421 | Lair:5   | 19421 ||| Stepping ~*~*~tactically~*~*~ (stealth).
 19426 | Lair:5   | 19426 ||| Stepping ~*~*~tactically~*~*~ (stealth).
 19427 | Lair:5   | 19427 ||| Stepping ~*~*~tactically~*~*~ (stealth).
 19428 | Lair:5   | 19428 ||| Stepping ~*~*~tactically~*~*~ (stealth).
 19435 | Lair:5   | 19435 ||| INVOKING Heroism.
 19470 | Lair:5   | 19470 ||| Stepping ~*~*~tactically~*~*~ (stealth).
 19478 | Lair:5   | 19478 ||| Stepping ~*~*~tactically~*~*~ (stealth).
 19479 | Lair:5   | 19479 ||| Stepping ~*~*~tactically~*~*~ (stealth).
 19480 | Lair:5   | 19480 ||| Stepping ~*~*~tactically~*~*~ (stealth).
 19497 | Lair:5   | 19497 ||| Stepping ~*~*~tactically~*~*~ (stealth).
 19498 | Lair:5   | 19498 ||| Stepping ~*~*~tactically~*~*~ (stealth).
 19507 | Lair:5   | 19507 ||| Stepping ~*~*~tactically~*~*~ (stealth).
 19518 | Lair:5   | 19518 ||| Stepping ~*~*~tactically~*~*~ (stealth).
 19520 | Lair:5   | 19520 ||| Stepping ~*~*~tactically~*~*~ (stealth).
 19521 | Lair:5   | 19521 ||| Stepping ~*~*~tactically~*~*~ (stealth).
 19541 | Lair:5   | 19541 ||| Stepping ~*~*~tactically~*~*~ (stealth).
 19549 | Lair:5   | 19549 ||| INVOKING Heroism.
 19902 | Lair:5   | 19902 ||| Stepping ~*~*~tactically~*~*~ (stealth).
 19904 | Lair:5   | 19904 ||| Stepping ~*~*~tactically~*~*~ (stealth).
 19905 | Lair:5   | 19905 ||| Stepping ~*~*~tactically~*~*~ (stealth).
 19907 | Lair:5   | 19907 ||| Stepping ~*~*~tactically~*~*~ (stealth).
 19911 | Lair:5   | 19911 ||| Stepping ~*~*~tactically~*~*~ (stealth).
 19940 | Lair:5   | 19940 ||| Stepping ~*~*~tactically~*~*~ (stealth).
 19956 | Lair:5   | 19956 ||| INVOKING Heroism.
 19957 | Lair:5   | 19957 ||| INVOKING Finesse.
 19966 | Lair:5   | 19966 ||| Stepping ~*~*~tactically~*~*~ (stealth).
 19980 | Lair:5   | 19980 ||| SWAPPING to +2 morningstar.
 19982 | Lair:5   | 19982 ||| SWAPPING to +4 war axe of electrocution.
 19983 | Lair:5   | Identified the +1 pair of gloves of the Nightingale {Will++
                  | rCorr} (Okawaru gifted it to you on level 5 of the Lair of
                  | Beasts)
 19983 | Lair:5   | Received a gift from Okawaru
 19984 | Lair:5   | Reached skill level 15 in Shields
 19984 | Lair:5   | 19984 ||| SWAPPING to +2 morningstar.
 19988 | Lair:5   | 19988 ||| SWAPPING to +4 war axe of electrocution.
 20001 | Lair:5   | 20001 ||| Stepping ~*~*~tactically~*~*~ (stealth).
 20012 | Lair:5   | 20012 ||| Stepping ~*~*~tactically~*~*~ (stealth).
 20013 | Lair:5   | 20013 ||| Stepping ~*~*~tactically~*~*~ (stealth).
 20014 | Lair:5   | 20014 ||| Stepping ~*~*~tactically~*~*~ (stealth).
 20015 | Lair:5   | 20015 ||| Stepping ~*~*~tactically~*~*~ (stealth).
 20016 | Lair:5   | 20016 ||| Stepping ~*~*~tactically~*~*~ (stealth).
 20018 | Lair:5   | 20018 ||| Stepping ~*~*~tactically~*~*~ (stealth).
 20019 | Lair:5   | 20019 ||| Stepping ~*~*~tactically~*~*~ (stealth).
 20020 | Lair:5   | 20020 ||| Stepping ~*~*~tactically~*~*~ (stealth).
 20021 | Lair:5   | 20021 ||| Stepping ~*~*~tactically~*~*~ (stealth).
 20174 | Lair:5   | Identified the +1 robe "Giwn" {-Tele MP+9 Slay+2}
 20205 | Lair:5   | 20205 ||| Stepping ~*~*~tactically~*~*~ (stealth).
 20214 | Lair:5   | 20214 ||| Stepping ~*~*~tactically~*~*~ (stealth).
 20217 | Lair:5   | 20217 ||| READING scroll labelled HEV WAULIMI.
 20218 | Lair:5   | 20218 ||| Stepping ~*~*~tactically~*~*~ (cloud).
 20223 | Lair:5   | 20223 ||| INVOKING Heroism.
 20224 | Lair:5   | 20224 ||| Stepping ~*~*~tactically~*~*~ (cloud).
 20225 | Lair:5   | 20225 ||| Stepping ~*~*~tactically~*~*~ (cloud).
 20228 | Lair:5   | 20228 ||| Stepping ~*~*~tactically~*~*~ (cloud).
 20233 | Lair:5   | 20233 ||| Stepping ~*~*~tactically~*~*~ (cloud).
 20698 | Lair:5   | 20698 ||| Stepping ~*~*~tactically~*~*~ (stealth).
 20700 | Lair:5   | 20700 ||| Stepping ~*~*~tactically~*~*~ (hiding).
 20771 | Lair:5   | 20771 ||| PLANNING D:1-11
 20771 | Lair:5   | 20771 ||| UPGRADING to +1 pair of gloves of the Nightingale
                  | {Will++ rCorr}.
 20776 | Lair:5   | 20776 ||| UPGRADING to +1 helmet of see invisible.
 20786 | Lair:5   | 20786 ||| DROPPING +0 helmet.
 20971 | D:10     | Entered Level 10 of the Dungeon
 20980 | D:10     | 20980 ||| INVOKING Heroism.
 21160 | D:10     | 21160 ||| Stepping ~*~*~tactically~*~*~ (stealth).
 21163 | D:10     | 21163 ||| INVOKING Heroism.
 21164 | D:10     | 21164 ||| Stepping ~*~*~tactically~*~*~ (hiding).
 21439 | D:10     | 21439 ||| Stepping ~*~*~tactically~*~*~ (hiding).
 21541 | D:10     | 21541 ||| Stepping ~*~*~tactically~*~*~ (hiding).
 21643 | D:10     | 21643 ||| Stepping ~*~*~tactically~*~*~ (hiding).
 21646 | D:10     | 21646 ||| Stepping ~*~*~tactically~*~*~ (hiding).
 21647 | D:10     | 21647 ||| Stepping ~*~*~tactically~*~*~ (hiding).
 21648 | D:10     | 21648 ||| Stepping ~*~*~tactically~*~*~ (hiding).
 22149 | D:10     | 22149 ||| Stepping ~*~*~tactically~*~*~ (stealth).
 22151 | D:10     | 22151 ||| Stepping ~*~*~tactically~*~*~ (stealth).
 22153 | D:10     | 22153 ||| Stepping ~*~*~tactically~*~*~ (stealth).
 22155 | D:10     | 22155 ||| Stepping ~*~*~tactically~*~*~ (stealth).
 22157 | D:10     | 22157 ||| Stepping ~*~*~tactically~*~*~ (stealth).
 22176 | D:10     | 22176 ||| DROPPING +1 helmet.
 22285 | D:11     | 22285 ||| Stepping ~*~*~tactically~*~*~ (stealth).
 22286 | D:11     | 22286 ||| Stepping ~*~*~tactically~*~*~ (stealth).
 22319 | D:11     | 22319 ||| Stepping ~*~*~tactically~*~*~ (stealth).
 22462 | D:11     | 22462 ||| READING scroll of enchant armour.
 22462 | D:11     | 22462 ||| ENCHANTING +1 helmet of see invisible.
 22634 | D:11     | 22634 ||| Stepping ~*~*~tactically~*~*~ (stealth).
 22635 | D:11     | 22635 ||| Stepping ~*~*~tactically~*~*~ (stealth).
 22669 | D:11     | 22669 ||| INVOKING Heroism.
 22725 | D:11     | 22725 ||| FLEEEEING.
 22726 | D:11     | 22726 ||| FLEEEEING.
 23031 | D:11     | 23031 ||| FLEEEEING.
 23032 | D:11     | 23032 ||| FLEEEEING.
 23050 | D:11     | 23050 ||| FLEEEEING.
 23051 | D:11     | 23051 ||| FLEEEEING.
 23052 | D:11     | 23052 ||| FLEEEEING.
 23070 | D:11     | 23070 ||| FLEEEEING.
 23071 | D:11     | 23071 ||| FLEEEEING.
 23081 | D:11     | 23081 ||| STAIRDANCE
 23426 | D:10     | 23426 ||| INVOKING Heroism.
 23581 | D:10     | 23581 ||| PLANNING D
 23674 | D:12     | Found a staircase to the Orcish Mines.
 23685 | D:12     | 23685 ||| INVOKING Heroism.
 23737 | D:12     | Found Wirphuot's General Store.
 23745 | D:12     | 23745 ||| BUYING scroll of teleportation (39 gold).
 23745 | D:12     | Bought a scroll of teleportation for 39 gold pieces
 24042 | D:12     | 24042 ||| INVOKING Heroism.
 24188 | D:12     | 24188 ||| Stepping ~*~*~tactically~*~*~ (stealth).
 24191 | D:12     | 24191 ||| Stepping ~*~*~tactically~*~*~ (stealth).
 24193 | D:12     | 24193 ||| Stepping ~*~*~tactically~*~*~ (stealth).
 24195 | D:12     | 24195 ||| Stepping ~*~*~tactically~*~*~ (stealth).
 24197 | D:12     | 24197 ||| Stepping ~*~*~tactically~*~*~ (stealth).
 24199 | D:12     | 24199 ||| Stepping ~*~*~tactically~*~*~ (stealth).
 24201 | D:12     | 24201 ||| Stepping ~*~*~tactically~*~*~ (stealth).
 24307 | D:12     | 24307 ||| INVOKING Heroism.
 24317 | D:12     | Reached XP level 15. HP: 88/92 MP: 20/22
 24380 | D:12     | 24380 ||| Stepping ~*~*~tactically~*~*~ (hiding).
 24391 | D:12     | 24391 ||| Stepping ~*~*~tactically~*~*~ (stealth).
 24393 | D:12     | 24393 ||| Stepping ~*~*~tactically~*~*~ (stealth).
 24409 | D:12     | 24409 ||| FLEEEEING.
 24410 | D:12     | 24410 ||| FLEEEEING.
 24411 | D:12     | 24411 ||| FLEEEEING.
 24412 | D:12     | 24412 ||| FLEEEEING.
 24413 | D:12     | 24413 ||| FLEEEEING.
 24414 | D:12     | 24414 ||| FLEEEEING.
 24415 | D:12     | 24415 ||| FLEEEEING.
 24416 | D:12     | 24416 ||| FLEEEEING.
 24644 | D:13     | 24644 ||| Stepping ~*~*~tactically~*~*~ (hiding).
 24746 | D:13     | 24746 ||| Stepping ~*~*~tactically~*~*~ (hiding).
 24747 | D:13     | 24747 ||| Stepping ~*~*~tactically~*~*~ (hiding).
 24778 | D:13     | 24778 ||| Stepping ~*~*~tactically~*~*~ (stealth).
 24790 | D:13     | 24790 ||| Stepping ~*~*~tactically~*~*~ (hiding).
 24791 | D:13     | 24791 ||| INVOKING Heroism.
 24963 | D:13     | 24963 ||| Stepping ~*~*~tactically~*~*~ (stealth).
 24966 | D:13     | 24966 ||| Stepping ~*~*~tactically~*~*~ (stealth).
 25111 | D:13     | 25111 ||| READING 13 scrolls of teleportation.
 25148 | D:13     | 25148 ||| FLEEEEING.
 25149 | D:13     | 25149 ||| INVOKING Heroism.
 25251 | D:13     | Found a gate to the Vaults.
 25354 | D:13     | Found a broken altar of Ashenzari.
 25499 | D:13     | 25499 ||| DROPPING +2 helmet.
 25500 | D:13     | 25500 ||| DROPPING amulet of regeneration.
 25559 | D:14     | 25559 ||| Stepping ~*~*~tactically~*~*~ (stealth).
 25561 | D:14     | 25561 ||| INVOKING Heroism.
 25571 | D:14     | Reached skill level 16 in Shields
 25657 | D:14     | 25657 ||| Stepping ~*~*~tactically~*~*~ (stealth).
 25697 | D:14     | 25697 ||| Stepping ~*~*~tactically~*~*~ (stealth).
 25698 | D:14     | 25698 ||| Stepping ~*~*~tactically~*~*~ (stealth).
 25699 | D:14     | 25699 ||| Stepping ~*~*~tactically~*~*~ (stealth).
 25702 | D:14     | 25702 ||| Stepping ~*~*~tactically~*~*~ (hiding).
 25705 | D:14     | 25705 ||| Stepping ~*~*~tactically~*~*~ (hiding).
 25718 | D:14     | 25718 ||| INVOKING Heroism.
 25837 | D:14     | 25837 ||| FLEEEEING.
 25940 | D:14     | 25940 ||| INVOKING Heroism.
 26176 | D:14     | Found a snail-covered altar of Cheibriados.
 26178 | D:14     | Found Cheibriados's Comfort Zone.
 26186 | D:14     | 26186 ||| BUYING +5 crystal plate armour of ponderousness
                  | (1148 gold).
 26186 | D:14     | Bought a +5 crystal plate armour of ponderousness for 1148
                  | gold pieces
 26204 | D:14     | 26204 ||| Stepping ~*~*~tactically~*~*~ (stealth).
 26206 | D:14     | 26206 ||| Stepping ~*~*~tactically~*~*~ (stealth).
 26209 | D:14     | 26209 ||| Stepping ~*~*~tactically~*~*~ (stealth).
 26211 | D:14     | 26211 ||| Stepping ~*~*~tactically~*~*~ (stealth).
 26213 | D:14     | 26213 ||| Stepping ~*~*~tactically~*~*~ (hiding).
 26215 | D:14     | 26215 ||| INVOKING Heroism.
 26217 | D:14     | 26217 ||| SWAPPING to +2 morningstar.
 26218 | D:14     | 26218 ||| INVOKING Finesse.
 26219 | D:14     | 26219 ||| SWAPPING to +4 war axe of electrocution.
 26220 | D:14     | 26220 ||| SWAPPING to +2 morningstar.
 26232 | D:14     | 26232 ||| Stepping ~*~*~tactically~*~*~ (hiding).
 26233 | D:14     | 26233 ||| SWAPPING to +4 war axe of electrocution.
 26421 | D:14     | Noticed Frances
 26422 | D:14     | 26422 ||| INVOKING Heroism.
 26423 | D:14     | 26423 ||| INVOKING Finesse.
 26440 | D:14     | Killed Frances
 26629 | D:14     | 26629 ||| READING scroll of enchant weapon.
 26629 | D:14     | 26629 ||| ENCHANTING +4 war axe of electrocution.
 26685 | D:14     | 26685 ||| INVOKING Heroism.
 26756 | D:14     | 26756 ||| INVOKING Heroism.
 26937 | D:14     | Identified the ring "Bylaomig" {rC+ SInv}
 27001 | D:14     | 27001 ||| UPGRADING to +5 crystal plate armour of
                  | ponderousness.
 27011 | D:14     | 27011 ||| DROPPING +0 shadow dragon scales.
 27043 | D:15     | Entered Level 15 of the Dungeon
 27082 | D:15     | 27082 ||| INVOKING Heroism.
 27258 | D:15     | 27258 ||| INVOKING Heroism.
 27259 | D:15     | 27259 ||| INVOKING Finesse.
 27260 | D:15     | 27260 ||| SWAPPING to +2 morningstar.
 27272 | D:15     | 27272 ||| SWAPPING to +5 war axe of electrocution.
 27435 | D:15     | Found a staircase to the Depths.
 27435 | D:15     | Noticed a fire giant
 27437 | D:15     | 27437 ||| INVOKING Heroism.
 27438 | D:15     | 27438 ||| INVOKING Finesse.
 27443 | D:15     | Killed a fire giant
 27465 | D:15     | Noticed Azrael
 27480 | D:15     | Killed Azrael
 27480 | D:15     | Received a gift from Okawaru
 27482 | D:15     | HP: 10/94 [hell hound/blast of flame[Azrael] (16)]
 27483 | D:15     | 27483 ||| READING 12 scrolls of teleportation.
 27838 | D:15     | 27838 ||| SWAPPING to +1 broad axe of freezing.
 27839 | D:15     | 27839 ||| DROPPING +5 war axe of electrocution.
 28064 | D:15     | 28064 ||| INVOKING Heroism.
 28079 | D:15     | Reached skill level 12 in Armour
 28146 | D:15     | 28146 ||| Stepping ~*~*~tactically~*~*~ (stealth).
 28147 | D:15     | 28147 ||| READING 11 scrolls of teleportation.
 28148 | D:15     | 28148 ||| Stepping ~*~*~tactically~*~*~ (stealth).
 28149 | D:15     | 28149 ||| INVOKING Heroism.
 28150 | D:15     | 28150 ||| Stepping ~*~*~tactically~*~*~ (stealth).
 28151 | D:15     | 28151 ||| Stepping ~*~*~tactically~*~*~ (stealth).
 28221 | D:15     | 28221 ||| Stepping ~*~*~tactically~*~*~ (hiding).
 28223 | D:15     | 28223 ||| INVOKING Heroism.
 28596 | D:15     | 28596 ||| INVOKING Heroism.
 28667 | D:15     | 28667 ||| Stepping ~*~*~tactically~*~*~ (stealth).
 28669 | D:15     | 28669 ||| Stepping ~*~*~tactically~*~*~ (stealth).
 28672 | D:15     | 28672 ||| INVOKING Heroism.
 28680 | D:15     | 28680 ||| READING 10 scrolls of teleportation.
 28726 | D:15     | 28726 ||| INVOKING Heroism.
 28737 | D:15     | Reached XP level 16. HP: 100/100 MP: 21/23
 28787 | D:15     | 28787 ||| INVOKING Heroism.
 28799 | D:15     | Reached skill level 15 in Axes
 28881 | D:15     | 28881 ||| PLANNING ORC
 28881 | D:15     | 28881 ||| DROPPING amulet of magic regeneration.
 28882 | D:15     | 28882 ||| UPGRADING to +6 ring of dexterity.
 28884 | D:15     | 28884 ||| DROPPING ring of protection from cold.
 28945 | Orc:1    | Entered Level 1 of the Orcish Mines
 28964 | Orc:1    | Identified the +5 kite shield of Toff {rN+ Int+4} (Okawaru
                  | gifted it to you on level 1 of the Orcish Mines)
 28964 | Orc:1    | Received a gift from Okawaru
 28965 | Orc:1    | Reached skill level 3 in Dodging
 29093 | Orc:2    | Entered Level 2 of the Orcish Mines
 29094 | Orc:2    | 29094 ||| STAIRDANCE
 29104 | Orc:2    | 29104 ||| STAIRDANCE
 29106 | Orc:1    | 29106 ||| INVOKING Heroism.
 29117 | Orc:2    | 29117 ||| STAIRDANCE
 29119 | Orc:1    | 29119 ||| INVOKING Finesse.
 29135 | Orc:2    | 29135 ||| STAIRDANCE
 29166 | Orc:2    | 29166 ||| STAIRDANCE
 29260 | Orc:2    | Found a transporter.
 29348 | Orc:2    | 29348 ||| INVOKING Heroism.
 29382 | Orc:2    | HP: 24/100 [orc high priest/+0 hand axe (12)]
 29383 | Orc:2    | 29383 ||| READING 9 scrolls of teleportation.
 29383 | Orc:2    | HP: 11/100 [orc knight/+2 dire flail (14)]
 29384 | Orc:2    | HP: 2/100 [orc knight/+0 long sword (9)]
 29385 | Orc:2    | Slain by an orc knight

Levels and vault maps discovered:
D:1:      saegor_arrival_fortress, layout_loops_ring,
          shapermc_ecumenical_altar_hornbeckon
D:2:      layout_basic, basic_altar, serial_corexii_hall,
          chequers_hall_statues_wall_a, corexii_hall_statues_deadend,
          corexii_hall_statues_i, chequers_hall_statues_wall_a,
          corexii_hall_statues_x, corexii_hall_statues_t, minivault_14,
          minmay_worlds_worst_comb
D:3:      layout_loops_ring, ebering_ghost_reflecting_pool,
          minmay_goblin_kobold_house
D:4:      layout_loops_ring, enter_ossuary_3, dk_noncrumbling_4, uniq_duvessa,
          uniq_blork_the_orc
D:5:      layout_basic, dreamdust_gnoll_farm
D:6:      layout_loops_ring, minmay_temple_entry_mini_moons, dk_vineyard_1
D:7:      minmay_the_grid_four_pointed_star
          [minmay_the_grid_triangle_9x9_windchime,
          minmay_the_grid_triangle_9x9_alien,
          minmay_the_grid_triangle_9x9_steps,
          minmay_the_grid_triangle_9x9_empty,
          minmay_the_grid_prize_shrinking_boxes], layout_loops_ring,
          nicolae_uskayaw_dance_studio, serial_co_window_serial,
          co_window_paths_b, co_window_corner_a, co_window_paths_b,
          co_window_paths_a, co_window_corner_a, co_window_2corner,
          co_window_broadway_b, co_window_2corner, glass_columns_c,
          glass_columns_a, glass_columns_a, glass_columns_a, glass_columns_c,
          minmay_mini_ossuary
D:8:      layout_basic, riverfiend_overflow_shadow_ancestor
D:9:      layout_rooms, minitemple, lair_entry_dummy, uniq_gastronok
D:10:     cheibrodos_iron_armory, layout_long_grid, nicolae_sextant
D:11:     layout_loops_ring, eino_small_chamber_without_monster
D:12:     layout_irregular_city, orc_0_dummy, serial_shops,
          nicolae_shop_hallway_stairs
D:13:     layout_cave_pools, grunt_vaults_entry_tiered,
          nicolae_ashenzari_skybound
D:14:     layout_roguey, hangedman_decor_opposing, minivault_23,
          minmay_shop_chei, minivault_16, minmay_lindwurm_lava, uniq_frances
D:15:     grunt_enter_depths_giant_problem, layout_irregular_city, uniq_azrael
Temple:   grunt_temple_mini_profane
Lair:1:   layout_cave_pods, beast_lair_carwin_9, infiniplex_staircase_pool,
          uniq_erica
Lair:2:   layout_regular_city
Lair:3:   layout_regular_city, elwin_shoals_entry_rooms,
          nicolae_spider_entry_non_spiders, basic_altar, grunt_megastairs_3,
          uniq_nessos, uniq_fannar
Lair:4:   layout_regular_city, slime_entry_1, kennysheep_abandoned_house
Lair:5:   gammafunk_lair_ancient_temple, layout_loops_ring
Orc:1:    layout_diamond_mine
Orc:2:    st_orc_pillars, layout_caves, gammafunk_ghost_abyssal_escape,
          mines1_david

Skill      XL: |  1  2  3  4  5  6  7  8  9 10 11 12 13 14 15 16 |
---------------+-------------------------------------------------+-----
Axes           | 2 3 4 5 6 7 8 10 11 12 14 15 | 15.0
Fighting       | 4 6 7 8 9 10 11 | 11.1
Dodging        | 1 2 3 |  3.0
Armour         | 4 5 6 7 9 10 13 14 | 14.0
Shields        | 4 9 12 13 14 15 16 | 16.0
Throwing       | 1 2 3 4 |  4.1
Invocations    | 4 6 10 | 10.0

Action                   |  1- 3 |  4- 6 |  7- 9 | 10-12 | 13-15 | 16-18 || total
-------------------------+-------+-------+-------+-------+-------+-------++-------
Melee: War axe           |   109 |   103 |   227 |   511 |   946 |       ||  1896
       Morningstar       |       |       |       |     7 |    33 |       ||    40
       Broad axe         |       |       |       |       |   112 |   127 ||   239
Throw: Boomerang         |    16 |    37 |    23 |    83 |     9 |       ||   168
       Javelin           |       |       |       |    25 |   189 |    18 ||   232
Invok: Heroism           |       |       |       |    35 |    42 |     3 ||    80
       Finesse           |       |       |       |     4 |     8 |     1 ||    13
  Use: Scroll            |     6 |     7 |     6 |    11 |     9 |     1 ||    40
       Potion            |     1 |     3 |     2 |     6 |       |       ||    12
 Stab: Sleeping          |       |       |       |     3 |       |       ||     3
Armor: Scale mail        |    31 |       |       |       |       |       ||    31
       Shadow dragon sca |    33 |    88 |   145 |   242 |   378 |       ||   886
       Crystal plate arm |       |       |       |       |    81 |    47 ||   128
Dodge: Dodged            |    45 |    52 |   102 |    97 |   228 |    17 ||   541
Block: Buckler           |    24 |    20 |    46 |     1 |       |       ||    91
       Tower shield      |       |       |       |   390 |   897 |   123 ||  1410

Table legend:
 A = Non-vault XP
 B = Vault XP
 C = Vault XP percentage of total XP
 D = Non-vault monster count
 E = Vault monster count
 F = Vault count percentage of total count
                 A         B        C        D         E       F
            +---------+---------+-------+---------+---------+-------
      Total |  104842 |   33759 |  24.4 |     499 |     156 |  23.8
            +---------+---------+-------+---------+---------+-------
        D:1 |      43 |       0 |   0.0 |      25 |       0 |   0.0
        D:2 |      46 |       6 |  11.5 |      14 |       3 |  17.6
        D:3 |     192 |       5 |   2.5 |      13 |       3 |  18.8
        D:4 |     441 |     304 |  40.8 |      19 |       3 |  13.6
        D:5 |    1388 |      96 |   6.5 |      25 |       5 |  16.7
        D:6 |     980 |       0 |   0.0 |      19 |       0 |   0.0
        D:7 |    1638 |    2687 |  62.1 |      21 |      28 |  57.1
        D:8 |    1564 |       0 |   0.0 |      14 |       0 |   0.0
        D:9 |    3091 |    1518 |  32.9 |      37 |       1 |   2.6
       D:10 |    5006 |    1169 |  18.9 |      34 |       4 |  10.5
       D:11 |    4237 |       0 |   0.0 |      13 |       0 |   0.0
       D:12 |    6788 |       0 |   0.0 |      27 |       0 |   0.0
       D:13 |    4632 |    7075 |  60.4 |      14 |      25 |  64.1
       D:14 |    8916 |    3973 |  30.8 |      19 |       5 |  20.8
       D:15 |   16383 |    2837 |  14.8 |      35 |       6 |  14.6
     Lair:1 |    4802 |    1690 |  26.0 |      14 |       4 |  22.2
     Lair:2 |   10770 |       0 |   0.0 |      36 |       0 |   0.0
     Lair:3 |    5122 |    3765 |  42.4 |      24 |      12 |  33.3
     Lair:4 |   12062 |     959 |   7.4 |      32 |      12 |  27.3
     Lair:5 |   11025 |    6554 |  37.3 |      38 |      14 |  26.9
      Orc:1 |    3452 |       0 |   0.0 |      17 |       0 |   0.0
      Orc:2 |    2264 |    1121 |  33.1 |       9 |      31 |  77.5
            +---------+---------+-------+---------+---------+-------
